 Dungeon Crawl Stone Soup version 0.31-a0-1159-g800acc2fd1 (webtiles) character file.

Game seed: 14913774815740700034

369 James the Ruffian (level 6, 0/38 HPs)
             Began as an Octopode Shapeshifter on Dec 8, 2023.
             Slain by a troll (14 damage)
             ... on level 6 of the Dungeon.
             The game lasted 00:04:36 (1911 turns).

James the Ruffian (Octopode Shapeshifter)           Turns: 1911, Time: 00:04:36

Health: 0/38       AC:  1    Str: 15    XL:     6   Next: 70%
Magic:  6/6        EV: 13    Int: 12    God:
Gold:   107        SH:  0    Dex: 12    Spells: 5/5 levels left

rFire   . .          .
                       - Unarmed
rCold   . . .        (no shield)
rNeg    . . .        (helmet currently unavailable)
rPois   .            e - amulet of regeneration
rElec   .            (no ring)
rCorr   .            (no ring)
SInv    .            (no ring)
Will    .....        (no ring)
Stlth   ++           (no ring)
HPRegen 1.06/turn    (no ring)
MPRegen 0.10/turn    (no ring)
                     (no ring)

%: no passive effects
@: beast-form
A: beast (slay +1), almost no armour, amphibious, 8 rings, camouflage 1,
gelatinous body 1, (nimble swimmer 1), tentacles
a: Begin Untransformation


You were on level 6 of the Dungeon.
You were a hulking beast.
You visited 1 branch of the dungeon, and saw 4 of its levels.

You collected 107 gold pieces.

Inventory:

Hand Weapons
 j - a +0 sling
   (You found it on level 2 of the Dungeon)
Missiles
 f - 30 stones
 h - 2 poisoned darts
Jewellery
 e - an amulet of regeneration (around mantle)
   (You found it on level 1 of the Dungeon)
 g - an amulet of reflection
   (You found it on level 1 of the Dungeon)
 i - a ring of ice
   (You found it on level 2 of the Dungeon)
Talismans
 b - a beast talisman
 c - a flux talisman
Scrolls
 d - a scroll of silence {unknown}
 k - a scroll of fear {unknown}
 l - a scroll of brand weapon {unknown}
 m - a scroll of vulnerability {unknown}
 o - a scroll of teleportation {unknown}
 p - a scroll of noise {unknown}
 q - a scroll of revelation {unknown}
 r - a scroll of immolation {unknown}
Potions
 n - a potion of might {unknown}
 s - a potion of degeneration {unknown}


   Skills:
 - Level 1.0 Fighting
 - Level 2.0 Dodging
 + Level 7.3 Unarmed Combat
 - Level 3.0 Shapeshifting


You had 5 spell levels left.
You didn't know any spells.
Your spell library contained the following spells:

 Spells                   Type           Power      Damage    Failure   Level
 Static Discharge         Conj/Air       0%         3-3/arc   45%         2
 Airstrike                Air            0%         2d(0-16)  97%         4
 Summon Lightning Spire   Summ/Air       0%         N/A       97%         4


Dungeon Overview and Level Annotations

Branches:
Dungeon (6/15)
 Temple: D:4-7

Altars:

Shops:
D:6 *

Annotations:
D:6 1 runed translucent door, Vontreibholz's ghost, novice HOFi


Innate Abilities, Weirdness & Mutations

You are a hulking beast.
Your limbs bulge with bestial killing power. (Slay +1)
You cannot wear most types of armour.
You are amphibious.
You can wear up to eight rings at the same time.
Your skin changes colour to match your surroundings (Stealth+).
Your rubbery body absorbs attacks. (AC +1, EV +1)
((You are camouflaged when in or above water. (Stealth+)))
You have tentacles for arms and can constrict up to eight enemies at once.


Message History

There is an entrance to Poteneojo's Assorted Antiques here.
You open the door.
A water moccasin and a troll come into view.
There is an open door here.
As you close the door, it creaks loudly!
You hear a bark!
A hound comes into view.
The bullfrog releases a deep croak.
The bullfrog snags a nearby millipede with its tongue.
The water moccasin attacks as it pursues you!
The water moccasin barely misses you. The water moccasin bites you.
The hound attacks as it pursues you! The hound barely misses you.
The water moccasin attacks as it pursues you!
The water moccasin barely misses you. The hound bites you.
The water moccasin attacks as it pursues you!
The water moccasin misses you. The water moccasin barely misses you.
You bludgeon the water moccasin! Your grab misses the water moccasin.
The water moccasin bites you!
You tentacle-slap the water moccasin. Your grab misses the water moccasin.
Your squeeze misses the water moccasin. The water moccasin closely misses you.
The water moccasin barely misses you.
You miss the water moccasin. You grab the water moccasin.
You constrict the water moccasin. The water moccasin bites you.
You tentacle-slap the water moccasin. You constrict the water moccasin.
The water moccasin bites you.
You bludgeon the water moccasin! You squeeze the water moccasin.
You kill the water moccasin!
Your Unarmed Combat skill increases to level 7!
You tentacle-slap the hound. You grab the hound. You squeeze the hound.
You constrict the hound. The hound bites you but does no damage.
The hound bites you.
You tentacle-slap the hound. x2; You constrict the hound.
The hound closely misses you.
You tentacle-slap the hound.
You kill the hound!
You bludgeon the troll! You squeeze the troll. The troll barely misses you.
The troll claws you.
* * * LOW HITPOINT WARNING * * *
The troll completely misses you.
You barely miss the troll. The troll closely misses you. The troll claws you.
* * * LOW HITPOINT WARNING * * *
The troll claws you.
* * * LOW HITPOINT WARNING * * *
You tentacle-slap the troll. The troll bites you.
* * * LOW HITPOINT WARNING * * *
The troll misses you. The troll closely misses you.
You bludgeon the troll! The troll closely misses you.
The troll barely misses you. The troll claws you!
You die...

##### ≈. #... ≈. #... ≈.. #..
≈.. #.. ≈... #.# ..
≈.#.############.# ..
≈..S.#∩........#h# #.#
..T..+.........#T# ###.##
.###.#...........# #....#
#.#...........# #....#
#.............#####....#######
.........†..........+....))..>..
.(.....##+########.##...)#......
##.###.#FFW# .. #.##....#......
#. #.#~wB# #.#.##....#......


You could see a troll, a bullfrog and Vontreibholz's ghost.

Vanquished Creatures
  A water moccasin (D:6)
  A hound (D:6)
  An orc priest (D:6)
  An iguana (D:6)
  An orc wizard (D:6)
  10 adders
  A white imp (D:6)
  A dart slug (D:1)
  3 orcs (D:6)
  7 bats
  An endoplasm (D:2)
  6 giant cockroaches
  3 goblins
  A hobgoblin (D:1)
  2 jackals (D:2)
  4 quokkas
  8 ball pythons (D:2)
  A frilled lizard (D:1)
  5 kobolds
  4 rats
62 creatures vanquished.

Notes
Turn   | Place    | Note
-------+----------+-------------------------------------------
     0 | D:1      | James the Octopode Shapeshifter began the quest for the
                  | Orb.
     0 | D:1      | Reached XP level 1. HP: 13/13 MP: 1/1
   106 | D:1      | Reached XP level 2. HP: 18/18 MP: 2/2
   676 | D:1      | Reached skill level 4 in Unarmed Combat
   696 | D:1      | Reached XP level 3. HP: 23/23 MP: 3/3
  1240 | D:2      | Reached XP level 4. HP: 28/28 MP: 4/4
  1278 | D:2      | Found a faded altar of an unknown god.
  1403 | D:2      | Reached skill level 5 in Unarmed Combat
  1643 | D:2      | Reached XP level 5. HP: 31/33 MP: 5/5
  1693 | D:3      | You fall into a shaft and drop 3 floors!
  1827 | D:6      | Reached skill level 6 in Unarmed Combat
  1870 | D:6      | Found a runed translucent door.
  1874 | D:6      | Found Poteneojo's Assorted Antiques.
  1875 | D:6      | Noticed Vontreibholz's ghost (novice HOFi)
  1879 | D:6      | Reached XP level 6. HP: 33/38 MP: 6/6
  1885 | D:6      | Noticed a water moccasin
  1885 | D:6      | Noticed a troll
  1904 | D:6      | Killed a water moccasin
  1905 | D:6      | Reached skill level 7 in Unarmed Combat
  1911 | D:6      | Slain by a troll

Illustrated notes

Levels and vault maps discovered:
D:1:      scummos_arrival_checkerplants, layout_loops_ring,
          minmay_misc_feat_rugged
D:2:      layout_loops_ring, nicolae_ecumenical_lake_church,
          minmay_misc_feat_secret_circle, grunt_ministairs_14,
          minmay_snake_closets
D:3:      layout_rooms, st_stairs_11
D:6:      layout_basic, gammafunk_temple_overflow_claw,
          mainiacjoe_overflow_brackets, ebering_ghost_sewer_f, serial_shops,
          shop

Skill      XL: |  1  2  3  4  5  6 |
---------------+-------------------+-----
Unarmed Combat | 4 5 6 7 |  7.3
Fighting       | |  1.0
Dodging        | |  2.0
Shapeshifting  | |  3.0

Action                     |  1- 3 |  4- 6 || total
---------------------------+-------+-------++-------
  Melee: Unarmed           |    67 |    76 ||   143
         Constrict         |    15 |    10 ||    25
         Tentacles         |     9 |     7 ||    16
         Punch             |     4 |     2 ||     6
    Use: Potion            |       |     1 ||     1
   Stab: Sleeping          |     6 |     8 ||    14
 Armour: Skin              |    25 |    54 ||    79
  Dodge: Dodged            |    39 |    27 ||    66
  Block: Other             |     1 |       ||     1

Table legend: (Time is in decaauts)
 A = Elapsed time spent in this place.
 B = Non-inter-level travel time spent in this place.
 C = Inter-level travel time spent in this place.
 D = Time resting spent in this place.
 E = Time spent auto-exploring this place.
 F = Levels seen in this place.
 G = Mean time per level.
                   A        B        C        D        E       F      G
               +--------+--------+--------+--------+--------+-----+--------+
         Total |   1898 |   1663 |    235 |    109 |   1098 |   4 |  474.5 |
       Dungeon |   1898 |   1663 |    235 |    109 |   1098 |   4 |  474.5 |
               +--------+--------+--------+--------+--------+-----+--------+

Top non-repeatable levels by time:
     D:1: 872 daAuts
     D:2: 808 daAuts
     D:6: 212 daAuts
     D:3: 5 daAuts
